AoeStats
← The Ironside

Migration

505289364Analyzed
1v1 RM · 25d ago on Sep 8, 2026· 81m 9s· 2 players
Game mode
Random Map
Map size
132×132
Population
200
Speed
Normal
Resources
Standard
Victory
Conquest
Starting age
Dark Age
Ending age
Imperial Age
RankedLock teamsTeams togetherTeam positionsShared explorationLock speedFull tech treeHidden civsTurbo modeCheats
Victory
Defeat
🇷🇸 Vikings · Serbia
1052
+16
🇧🇪 Teutons · Belgium
1056
-16
aleck_AoE
4:26 Loom
10:31 Feudal Age
11:27 Double-Bit Axe
17:33 Castle Age
15:44 Fletching
16:25 Fishing Lines
19:45 Bodkin Arrow
20:21 Padded Archer Armor
20:34 Crossbowman
24:35 Pikeman
25:16 Scale Mail Armor
25:27 Forging
25:44 Ballistics
25:58 Squires
26:24 Medium Warships
26:37 Chain Mail Armor
27:48 Murder Holes
30:48 Iron Casting
29:57 Treadmill Crane
32:07 Town Watch
33:55 Gold Mining
34:42 Masonry
35:28 Bow Saw
38:41 Leather Archer Armor
45:26 Imperial Age
47:03 Conscription
47:21 Stone Mining
54:03 Chemistry
56:50 Plate Mail Armor
57:33 Bracer
59:47 Blast Furnace
59:46 Gambesons
60:59 Ring Archer Armor
60:44 Arbalester
62:41 Arson
65:13 Bogsveigar
68:07 Man-at-Arms
70:09 Long Swordsman
71:37 Two-Handed Swordsman
The Ironside
9:09 Loom
11:53 Feudal Age
14:03 Fishing Lines
15:51 Horse Collar
16:01 Double-Bit Axe
18:10 Man-at-Arms
21:12 Castle Age
19:26 Forging
19:17 Scale Mail Armor
21:46 Scale Barding Armor
21:55 Bloodlines
21:46 Stone Mining
21:48 Gold Mining
24:25 Chain Barding Armor
25:09 Wheelbarrow
30:44 Fletching
31:32 Iron Casting
32:27 Chain Mail Armor
42:50 Bow Saw
45:31 Imperial Age
46:11 Capped Ram
52:57 Long Swordsman
53:25 Gambesons
53:43 Squires
53:31 Arson
53:16 Cavalier
55:26 Blast Furnace
54:07 Two-Handed Swordsman
55:08 Champion
56:08 Elite Skirmisher
59:47 Bodkin Arrow
59:55 Padded Archer Armor
60:28 Plate Mail Armor
60:25 Champion
75:05 Crossbowman
Connection lost

Rejoining the realm…

Still unreachable

The connection could not be restored.

Session expired

The server has moved on; the page needs a fresh start.